 Dungeon Crawl Stone Soup version 0.28.0-56-g4927b6849a (webtiles) character file.

Game seed: 8659442969000032273

16125 cbfl8 the Severer (level 12, 0/160 HPs)
             Began as a Minotaur Berserker on Jan 25, 2023.
             Was an Elder of Trog.
             Killed from afar by a hell hound (10 damage)
             ... with a blast of flame
             ... led by Azrael
             ... on level 12 of the Dungeon.
             The game lasted 00:13:10 (16447 turns).

cbfl8 the Severer (Minotaur Berserker)             Turns: 16447, Time: 00:13:10

Health: 0/160      AC: 19    Str: 22    XL:     12   Next: 7%
Magic:  11/11      EV: 12    Int:  4    God:    Trog [****..]
Gold:   644        SH:  0    Dex: 15    Spells: 11/11 levels left

rFire   x . .      SeeInvis .   x - +3 battleaxe (flame)
rCold   + + .      Faith    .   (shield currently unavailable)
rNeg    . . .      Spirit   .   u - +7 Kryia's mail coat {PotionHeal*2 rC+}
rPois   .          Reflect  .   (helmet restricted)
rElec   .          Harm     .   I - +1 cloak
rCorr   .          Rampage  .   G - +0 pair of gloves
Will    .....                   (no boots)
Stlth   ..........              (no amulet)
HPRegen 0.36/turn               D - ring of ice
MPRegen 0.12/turn               (no ring)

@: berserking, very quick
A: horns 2, retaliatory headbutt
a: Renounce Religion, Berserk, Trog's Hand, Brothers in Arms


You were on level 12 of the Dungeon.
You worshipped Trog.
Trog was greatly pleased with you.
You visited 1 branch of the dungeon, and saw 12 of its levels.

You collected 644 gold pieces.

Inventory:

Hand Weapons
 x - a +3 battleaxe of flaming (weapon)
Missiles
 n - a throwing net (quivered)
Armour
 u - the +7 Kryia's mail coat (worn) {PotionHeal*2 rC+}
   (You found it on level 6 of the Dungeon)

   Potions are twice as effective at healing its wearer.
   rC:        It protects you from cold.
 C - a scarf of harm
 G - a +0 pair of gloves (worn)
 I - a +1 cloak (worn)
Jewellery
 D - a ring of ice (left hand)
Wands
 i - a wand of flame (27)
 l - a wand of mindburst (11)
 y - a wand of digging (7)
 H - a wand of iceblast (4)
Scrolls
 a - a scroll of magic mapping {unknown}
 f - 2 scrolls of silence
 g - a scroll of holy word
 j - 3 scrolls of teleportation
 m - 3 scrolls of enchant armour
 p - 2 scrolls of fear
 q - a scroll of immolation
 t - a scroll of blinking
 v - 2 scrolls of noise
 w - 2 scrolls of fog
 E - a scroll of brand weapon
Potions
 b - a potion of cancellation
 c - 2 potions of haste
 d - 3 potions of lignification {unknown}
 e - a potion of magic {unknown}
 h - 5 potions of heal wounds
 k - a potion of brilliance {unknown}
 o - a potion of invisibility {unknown}
 r - 3 potions of degeneration {unknown}
 s - a potion of flight {unknown}
 z - 3 potions of curing {unknown}
 A - 3 potions of mutation {unknown}
 B - a potion of might {unknown}


   Skills:
 + Level 10.5 Fighting
 + Level 15.6 Axes
 + Level 10.9 Armour
 + Level 5.6 Dodging
 + Level 2.7 Stealth
 * Level 6.1 Evocations


You had 11 spell levels left.
You didn't know any spells.
Your spell library was empty.

Dungeon Overview and Level Annotations

Branches:
Dungeon (12/15)            Temple (0/1) D:4            Lair (0/6) D:11
    Orc: D:9-12

Altars:
Cheibriados
Dithmenos
Kikubaaqudgha
Makhleb
Sif Muna
Uskayaw
The Shining One

Shops:
D:4 *   D:5 [(

Annotations:
D:7 2 transporters, Flarelocke's ghost, novice MiFi


Innate Abilities, Weirdness & Mutations

You have a pair of horns on your head.
You reflexively headbutt those who attack you in melee.


Message History

You feel yourself moving faster!
You feel mighty!
Azrael hits you with a +2 scimitar of flaming!
Azrael burns you.
You slice Azrael!!
Azrael is moderately wounded.
You hear a bark!
Azrael barely misses you. You furiously retaliate!
You headbutt Azrael. You slice Azrael!! You headbutt Azrael!
Azrael is severely wounded.
You slash Azrael!
Azrael is almost dead.
Azrael gestures at you. The bolt of fire hits you!!
The fire burns you terribly!
You barely miss Azrael. Your headbutt misses Azrael.
Azrael is almost dead.
Azrael gestures at you.
The sphere of damnation explodes!
The damnation engulfs you!!
* * * LOW HITPOINT WARNING * * *
The damnation engulfs Azrael.
Azrael completely resists.
You hear a shout!
You hear an angry buzzing noise.
You hear a bark!
You hear an angry buzzing noise.
You hear a horrible gurgling sound!
You hear a shout! x3
You slash Azrael!
You kill Azrael!
Trog accepts your kill.
Unknown command.
A hell hound and a fire elemental come into view.
Items here: $ (( )) | †.
You completely miss the fire elemental.
A hell hound comes into view.
You slice the fire elemental!!
The fire elemental is almost destroyed.
You hear an angry buzzing noise.
The fire elemental hits you. The fire elemental burns you!
The fire burns you terribly!
* * * LOW HITPOINT WARNING * * *
The hell hound breathes flames at you.
The blast of flame misses the fire elemental.
The blast of flame hits you! The fire burns you terribly!
You die...

#. .# #. .# : #.
.# # #. #. .# .#
#. #. .# #.# #.
.#.# #..#
#h####)###...#
#hE#).##...
#@##.#.#
##.##..## #.##..#
#.#..# #####
#######..#.#
....##
##..........#
#.##.##
##..##########
..##..#######...#
..............#.#


You could see a fire elemental and 2 hell hounds.

Vanquished Creatures
  Azrael (D:12)
  A hydra (D:11)
  A boulder beetle (D:11)
  2 centaur warriors
  2 two-headed ogres
  A skeletal warrior (D:12)
  A wizard (D:11)
  3 cyclopes
  An ugly thing (D:12)
  A manticore (D:11)
  Joseph (D:7)
  An unseen horror (D:11)
  A kobold demonologist (D:11)
  A komodo dragon (D:11)
  A troll (D:11)
  Grinder (D:3)
  A hornet (D:8)
  A meliai zombie (D:11)
  A slime creature (D:12)
  The ghost of safid the Digger, an amateur GrEE (D:5)
  Sigmund (D:4)
  2 shadows
  A wraith (D:9)
  8 yaks
  A wyvern (D:9)
  A vampire (D:10)
  2 fire elementals (D:12)
  3 basilisks (D:11)
  A vampire mosquito (D:12)
  Menkaure (D:4)
  3 acid dragons
  Duvessa (D:7)
  3 ice beasts
  2 black bears
  2 ogres (D:5)
  4 centaurs
  A phantom (D:5)
  3 kobold brigands
  3 bullfrogs
  A gnoll sergeant (D:9)
  A wyvern zombie (D:9)
  Dowan (D:7)
  A water moccasin skeleton (D:5)
  4 killer bees
  A wight (D:8)
  4 howler monkeys
  4 electric eels (D:6)
  3 centaur zombies
  6 hounds
  A jelly (D:6)
  A bullfrog skeleton (D:5)
  2 orc priests
  2 centaur skeletons
  5 iguanas
  3 orc wizards
  A scorpion zombie (D:4)
  A howler monkey zombie (D:9)
  Robin (D:2)
  A howler monkey skeleton (D:5)
  4 gnolls (D:9)
  4 adders
  A shadow imp (D:5)
  2 white imps
  An adder skeleton (D:4)
  4 worms
  A dart slug (D:5)
  20 orcs
  5 ball pythons
  7 endoplasms
  3 giant cockroaches
  14 goblins
  9 hobgoblins
  2 jackals (D:5)
  6 quokkas
  5 bats
  5 frilled lizards
  22 kobolds
  A quokka skeleton (D:4)
  5 rats
232 creatures vanquished.

Vanquished Creatures (others)
  5 plants (D:6)
5 creatures vanquished.

Grand Total: 237 creatures vanquished

Notes
Turn   | Place    | Note
-------+----------+-------------------------------------------
     0 | D:1      | cbfl8 the Minotaur Berserker began the quest for the Orb.
     0 | D:1      | Reached XP level 1. HP: 19/19 MP: 0/0
   342 | D:1      | Reached XP level 2. HP: 27/27 MP: 1/1
   374 | D:1      | Reached skill level 4 in Axes
  1760 | D:2      | Reached XP level 3. HP: 32/33 MP: 2/2
  1951 | D:2      | Found a glowing golden altar of the Shining One.
  2177 | D:2      | Noticed Robin
  2181 | D:2      | Reached ** piety under Trog
  2194 | D:2      | Killed Robin
  2602 | D:3      | You fall into a shaft and drop 1 floor!
  2602 | D:4      | Found Sejiclus's Elemental Accessories.
  2638 | D:4      | Reached XP level 4. HP: 21/41 MP: 3/3
  2717 | D:4      | Reached skill level 5 in Axes
  3431 | D:3      | Noticed Grinder
  3443 | D:3      | Killed Grinder
  3444 | D:3      | Reached skill level 5 in Fighting
  3444 | D:3      | Reached skill level 1 in Stealth
  3444 | D:3      | Reached XP level 5. HP: 48/48 MP: 4/4
  3444 | D:3      | Reached XP level 6. HP: 56/56 MP: 5/5
  3654 | D:3      | Reached skill level 6 in Axes
  3986 | D:3      | Found a shadowy altar of Dithmenos.
  4176 | D:4      | Noticed Sigmund
  4191 | D:4      | Killed Sigmund
  4192 | D:4      | Reached skill level 5 in Armour
  4376 | D:4      | Reached XP level 7. HP: 55/61 MP: 6/6
  4558 | D:4      | Reached skill level 7 in Axes
  5078 | D:4      | Found a staircase to the Ecumenical Temple.
  5249 | D:4      | Noticed Menkaure
  5254 | D:4      | Killed Menkaure
  5546 | D:4      | Reached skill level 8 in Axes
  5742 | D:4      | Found a shimmering blue altar of Sif Muna.
  5872 | D:5      | Entered Level 5 of the Dungeon
  5886 | D:5      | Found Jeor's Weapon Boutique.
  5974 | D:5      | Reached XP level 8. HP: 43/70 MP: 7/7
  6480 | D:5      | Reached skill level 9 in Axes
  6481 | D:5      | HP: 5/106 [yak (13)]
  6483 | D:5      | HP: 1/106 [yak (5)]
  7322 | D:5      | Found Maleejoj's Armour Shop.
  7399 | D:5      | Found a runed translucent gate.
  7399 | D:5      | Found a runed translucent gate.
  7399 | D:5      | Found a runed translucent gate.
  7404 | D:5      | Noticed safid's ghost (amateur GrEE)
  7452 | D:5      | Reached skill level 10 in Axes
  7452 | D:5      | Reached XP level 9. HP: 36/79 MP: 8/8
  8097 | D:5      | Killed safid's ghost
  8327 | D:6      | Reached skill level 1 in Evocations
  8333 | D:6      | Reached *** piety under Trog
  8831 | D:6      | Found the +7 Kryia's mail coat {PotionHeal*2 rC+}
  8832 | D:6      | Found a burning altar of Makhleb.
  9857 | D:7      | Noticed Dowan
  9858 | D:7      | Noticed Duvessa
 10037 | D:7      | Reached skill level 11 in Axes
 10038 | D:7      | Killed Dowan
 10045 | D:7      | Killed Duvessa
 10365 | D:7      | Found a transporter.
 10369 | D:7      | Noticed Flarelocke's ghost (novice MiFi)
 10376 | D:7      | Noticed a kobold demonologist
 10388 | D:7      | Identified the +1 robe of the Bagpipe {+Inv rC+ Str-5}
 10436 | D:7      | Found a transporter.
 10459 | D:7      | Found a snail-covered altar of Cheibriados.
 10543 | D:7      | Noticed Joseph
 10553 | D:7      | Killed Joseph
 11071 | D:8      | Reached XP level 10. HP: 57/88 MP: 9/9
 12119 | D:9      | Reached skill level 12 in Axes
 12147 | D:9      | Found an ancient bone altar of Kikubaaqudgha.
 12210 | D:9      | Reached **** piety under Trog
 12318 | D:9      | Found a hide-covered altar of Uskayaw.
 12703 | D:10     | Entered Level 10 of the Dungeon
 12812 | D:10     | Reached skill level 13 in Axes
 13087 | D:10     | Noticed a two-headed ogre
 13093 | D:10     | Killed a two-headed ogre
 14018 | D:11     | Noticed a boulder beetle
 14022 | D:11     | Killed a boulder beetle
 14023 | D:11     | Reached skill level 10 in Armour
 14181 | D:11     | Reached XP level 11. HP: 92/97 MP: 10/10
 14377 | D:11     | Noticed a centaur warrior
 14387 | D:11     | Killed a centaur warrior
 14388 | D:11     | Reached skill level 14 in Axes
 14600 | D:11     | Noticed a wizard
 14609 | D:11     | Reached skill level 5 in Evocations
 14610 | D:11     | Killed a wizard
 15669 | D:11     | Found a staircase to the Lair.
 15808 | D:11     | Noticed a four-headed hydra
 15815 | D:11     | Reached skill level 5 in Dodging
 15815 | D:11     | Killed a two-headed hydra
 16345 | D:12     | Noticed a skeletal warrior
 16345 | D:12     | Noticed a white ugly thing
 16345 | D:12     | Noticed a two-headed ogre
 16350 | D:12     | Killed a two-headed ogre
 16351 | D:12     | Reached skill level 10 in Fighting
 16351 | D:12     | Reached skill level 15 in Axes
 16354 | D:12     | Killed a white ugly thing
 16362 | D:12     | Killed a skeletal warrior
 16426 | D:12     | Noticed a centaur warrior
 16428 | D:12     | Killed a centaur warrior
 16429 | D:12     | Noticed Azrael
 16438 | D:12     | Reached XP level 12. HP: 61/107 MP: 11/11
 16444 | D:12     | Killed Azrael
 16447 | D:12     | Killed from afar by a hell hound

Illustrated notes

Levels and vault maps discovered:
D:1:      dpeg_arrival_signposts, layout_basic, hangedman_abyss_or_decor_stabs
D:2:      layout_basic, basic_altar, roderic_lattice_a, uniq_robin
D:3:      layout_basic, lemuel_tele_altar, uniq_grinder
D:4:      cheibrodos_barr_body, layout_basic, led_sif_pool, temple_green,
          nicolae_elemental_shop, kennysheep_pointless_box, uniq_menkaure,
          uniq_sigmund
D:5:      layout_basic, serial_shops, nicolae_lakefront_shop, shop,
          gammafunk_ghost_necromancy
D:6:      layout_rooms, lemuel_round_altar, chequers_big_river,
          chequers_mini_garden
D:7:      layout_rooms, mainiacjoe_overflow_alcove_2, nzn_ghost_randoct,
          uniq_joseph, uniq_duvessa
D:8:      layout_cave_pools, minmay_puff
D:9:      layout_basic, mainiacjoe_overflow_24_doors,
          mainiacjoe_overflow_six_doors_small
D:10:     layout_roguey
D:11:     layout_roguey, erik_lair_dragon, kennysheep_small_circle
D:12:     minmay_the_grid_octo_tiled_squarecenter_mashed
          [minmay_the_grid_octo_thin_diamonds, minmay_the_grid_octo_toaster,
          minmay_the_grid_octo_checkered, minmay_the_grid_octo_concentric,
          minmay_the_grid_square_5x5_megaprize_checkered,
          minmay_the_grid_square_5x5_n_small,
          minmay_the_grid_square_5x5_checkered_statues,
          minmay_the_grid_square_5x5_longway, minmay_the_grid_square_5x5_six],
          layout_loops_ring, dk_noncrumbling_3, kennysheep_generic_room_8,
          uniq_azrael, uniq_psyche

Skill      XL: |  1  2  3  4  5  6  7  8  9 10 11 |
---------------+----------------------------------+-----
Axes           | 4 5 6 8 10 11 13 15 | 15.6
Fighting       | 4 5 6 7 8 9 10 | 10.5
Armour         | 3 4 5 6 7 9 10 | 10.9
Stealth        | 1 2 |  2.7
Dodging        | 3 4 5 |  5.6
Evocations     | 2 4 6 |  6.1

Action                   |  1- 3 |  4- 6 |  7- 9 | 10-12 || total
-------------------------+-------+-------+-------+-------++-------
Melee: Hand axe          |    99 |    65 |   216 |       ||   380
       Headbutt          |    11 |    11 |    45 |    26 ||    93
       Punch             |       |     1 |     2 |       ||     3
       Battleaxe         |       |       |    74 |   152 ||   226
Invok: Berserk           |     1 |     2 |     6 |     6 ||    15
  Use: Scroll            |     1 |     3 |     5 |     8 ||    17
 Stab: Sleeping          |     2 |       |       |       ||     2
       Distracted        |       |       |       |     1 ||     1
Armor: Animal skin       |     7 |       |       |       ||     7
       Plate armour      |    30 |    36 |   125 |       ||   191
       Scale mail        |       |       |    36 |   111 ||   147
Dodge: Dodged            |    51 |    24 |   115 |    74 ||   264
